 Dungeon Crawl Stone Soup version 0.29.1-2-gbd0b4ee654 (webtiles) character file.

Game seed: 543335619722316821

9579 plokij the Carver (level 11, -6/99 HPs)
             Began as a Minotaur Fighter on Oct 23, 2022.
             Was a High Priest of Okawaru.
             Mangled by an 11-headed hydra (12 damage)
             ... on level 10 of the Dungeon.
             The game lasted 00:34:38 (15993 turns).

plokij the Carver (Minotaur Fighter)               Turns: 15993, Time: 00:34:39

Health: -6/99      AC: 16    Str: 20    XL:     11   Next: 24%
Magic:  8/10       EV: 14    Int:  5    God:    Okawaru [*****.]
Gold:   413        SH:  8    Dex: 15    Spells: 10/10 levels left

rFire   . . .      SeeInvis .   G - +4 long sword
rCold   . . .      Faith    .   c - +0 buckler
rNeg    . . .      Spirit   .   D - +0 chain mail
rPois   .          Reflect  .   B - +1 hat
rElec   .          Harm     .   l - +0 cloak
rCorr   .          Rampage  .   (no gloves)
Will    .....                   (no boots)
Stlth   ..........              r - amulet of the acrobat
HPRegen 0.26/turn               f - ring of flight
MPRegen 0.12/turn               (no ring)

@: heroic, flying
A: horns 2, retaliatory headbutt
a: Renounce Religion, Heroism, Finesse, Duel


You were on level 10 of the Dungeon.
You worshipped Okawaru.
Okawaru was extremely pleased with you.
You visited 2 branches of the dungeon, and saw 11 of its levels.

You collected 413 gold pieces.

Inventory:

Hand Weapons
 d - a +2 short sword of holy wrath
 w - a +0 shortbow
 F - a +2 vorpal sling
 G - a +4 long sword (weapon)
 H - the +6 great sword of Hell's Wrath {antimagic, Drain rC+ Stlth+}
   (Okawaru gifted it to you on level 9 of the Dungeon)

   It reduces the magical energy of the wielder, and disrupts the spells and
   magical abilities of those it strikes.
   Natural abilities and divine invocations are not affected.
   rC:        It protects you from cold.
   Drain:     It drains your maximum health when unequipped.
   Stlth:     It makes you more stealthy.
Armour
 c - a +0 buckler (worn)
 l - a +0 cloak (worn)
 B - a +1 hat (worn)
 D - a +0 chain mail (worn)
Jewellery
 f - a ring of flight (left hand)
 r - an amulet of the acrobat (around neck)
 A - a ring of protection from cold
Wands
 b - a wand of iceblast (7)
 p - a wand of mindburst (6)
 y - a wand of flame (28)
Scrolls
 a - 3 scrolls of noise {unknown}
 e - 12 scrolls of identify {unknown}
 h - a scroll of enchant weapon {unknown}
 i - a scroll of blinking
 j - 2 scrolls of butterflies {unknown}
 k - 8 scrolls of teleportation {unknown}
 v - a scroll of magic mapping {unknown}
 x - 2 scrolls of enchant armour {unknown}
 z - 2 scrolls of vulnerability {unknown}
 E - a scroll of immolation {unknown}
 I - a scroll of silence {unknown}
Potions
 g - 2 potions of curing
 m - 7 potions of heal wounds {unknown}
 n - 4 potions of flight {unknown}
 o - 5 potions of lignification {unknown}
 q - 3 potions of haste {unknown}
 s - 2 potions of attraction {unknown}
 t - 2 potions of invisibility {unknown}
 u - 2 potions of brilliance {unknown}
 C - a potion of degeneration {unknown}


   Skills:
 + Level 9.8(14.8) Fighting
 + Level 10.0(15.0) Long Blades
 + Level 9.9(14.9) Armour
 + Level 9.5(14.5) Dodging
 + Level 9.8(14.8) Shields


You had 10 spell levels left.
You didn't know any spells.
Your spell library contained the following spells:

 Spells                   Type           Power      Damage    Failure   Level
 Apportation              Tloc           0%         N/A       97%         1
 Magic Dart               Conj           0%         1d3       97%         1
 Necrotise                Necr           0%         1d4       97%         1
 Slow                     Hex            0%         N/A       97%         1
 Ensorcelled Hibernation  Hex/Ice        0%         N/A       99%         2
 Searing Ray              Conj           0%         2d4       99%         2
 Confusing Touch          Hex            0%         N/A       100%        3
 Conjure Flame            Conj/Fire      0%         6-21      100%        3
 Ignite Poison            Fire/Tmut/Pois 0%         N/A       100%        3
 Mephitic Cloud           Conj/Pois/Air  0%         N/A       100%        3
 Portal Projectile        Hex/Tloc       0%         N/A       100%        3
 Spider Form              Tmut/Pois      0%         N/A       100%        3
 Stone Arrow              Conj/Erth      0%         3d7       100%        3
 Vampiric Draining        Necr           0%         2d6       100%        3
 Anguish                  Hex/Necr       0%         N/A       100%        4
 Fulminant Prism          Conj/Hex       0%         3d6       100%        4
 Leda's Liquefaction      Hex/Erth       0%         N/A       100%        4
 Sticky Flame             Conj/Fire      0%         2d3       100%        4
 Alistair's Intoxication  Tmut/Pois      0%         N/A       100%        5
 Lehudib's Crystal Spear  Conj/Erth      0%         10d2      100%        8
 Summon Small Mammal      Summ           Unusable   N/A       N/A         1
 Call Imp                 Summ           Unusable   N/A       N/A         2
 Call Canine Familiar     Summ           Unusable   N/A       N/A         3
 Summon Guardian Golem    Hex/Summ       Unusable   N/A       N/A         3
 Animate Armour           Summ/Erth      Unusable   N/A       N/A         4

Dungeon Overview and Level Annotations

Branches:
Dungeon (10/15)            Temple (1/1) D:6            Lair (0/5) D:8
    Orc (0/2) D:9

Altars:
Ashenzari
Cheibriados
Dithmenos
Elyvilon
Fedhas
Gozag
Hepliaklqana
Kikubaaqudgha
Makhleb
Nemelex Xobeh
Okawaru
Qazlal
Ru
Sif Muna
Uskayaw
Vehumet
Wu Jian
Xom
Yredelemnul
Zin
The Shining One

Annotations:
D:10 Maggie, Sonja


Innate Abilities, Weirdness & Mutations

You have a pair of horns on your head.
You reflexively headbutt those who attack you in melee.


Message History

You lop one of the nine-headed hydra's heads off!
The eight-headed hydra grows two more!
You slash the ten-headed hydra!
The ten-headed hydra is moderately wounded.
The ten-headed hydra misses you.
The ten-headed hydra closely misses you.
The ten-headed hydra bites you!
The ten-headed hydra bites you but does no damage. x3
The ten-headed hydra misses you.
The ten-headed hydra bites you but does no damage.
The ten-headed hydra bites you.
You block the ten-headed hydra's attack.
You slice one of the ten-headed hydra's heads off!
The nine-headed hydra grows two more!
You hit the 11-headed hydra. You headbutt the 11-headed hydra!
The 11-headed hydra is moderately wounded.
The 11-headed hydra barely misses you. You furiously retaliate!
You headbutt the 11-headed hydra! The 11-headed hydra bites you!
The 11-headed hydra bites you.
The 11-headed hydra bites you but does no damage. x2
The 11-headed hydra closely misses you.
The 11-headed hydra bites you but does no damage.
The 11-headed hydra barely misses you.
The 11-headed hydra completely misses you.
The 11-headed hydra closely misses you. The 11-headed hydra bites you.
It was a potion of curing.
You feel better. The 11-headed hydra bites you.
The 11-headed hydra bites you but does no damage.
The 11-headed hydra bites you! The 11-headed hydra barely misses you.
The 11-headed hydra bites you.
* * * LOW HITPOINT WARNING * * *
The 11-headed hydra bites you!
* * * LOW HITPOINT WARNING * * *
The 11-headed hydra bites you.
* * * LOW HITPOINT WARNING * * *
The 11-headed hydra bites you.
* * * LOW HITPOINT WARNING * * *
The 11-headed hydra bites you but does no damage.
The 11-headed hydra bites you!
* * * LOW HITPOINT WARNING * * *
The 11-headed hydra bites you!
You die...

....# ....# ....# ....# ....#
....#
....###########################
..............................#
...............D@.............#
..............................#
..............................#
..............................#
....###########################
....# ....# ....# ....#


You could see a 11-headed hydra.

Vanquished Creatures
  Erolcha (D:9)
  Joseph (D:8)
  6 unseen horror zombies (D:9)
  A komodo dragon (D:9)
  A kobold demonologist (D:9)
  2 hornets (D:9)
  5 slime creatures
  A shadow (D:6)
  2 wyverns (D:9)
  4 vampire mosquitoes (D:9)
  3 water moccasins
  2 ice beasts
  3 orc warriors
  A black bear (D:6)
  2 ogres
  2 centaurs
  Blork the orc (D:4)
  5 kobold brigands
  A bullfrog (D:9)
  A wyvern zombie (D:9)
  2 scorpions (D:5)
  18 wights
  7 killer bees (D:9)
  2 centaur zombies (D:9)
  2 jellies
  6 orc priests
  Crazy Yiuf (D:6)
  A hound (D:6)
  3 gnoll boudas
  Jessica (D:3)
  4 iguanas
  11 orc wizards
  A howler monkey zombie (D:9)
  15 gnolls
  10 adders
  5 white imps
  An ufetubus (D:6)
  A dart slug (D:4)
  35 orcs
  10 bats
  7 endoplasms
  A giant cockroach (D:3)
  4 goblins
  8 hobgoblins
  10 jackals
  21 kobolds
  4 quokkas
  5 ball pythons
  2 frilled lizards
  5 rats
248 creatures vanquished.

Vanquished Creatures (others)
  A fungus (D:6)
  8 withered plants (D:9)
9 creatures vanquished.

Grand Total: 257 creatures vanquished

Notes
Turn   | Place    | Note
-------+----------+-------------------------------------------
     0 | D:1      | plokij the Minotaur Fighter began the quest for the Orb.
     0 | D:1      | Reached XP level 1. HP: 19/19 MP: 0/0
   207 | D:1      | Reached XP level 2. HP: 24/27 MP: 1/1
   489 | D:1      | Reached skill level 3 in Long Blades
   500 | D:1      | Reached skill level 1 in Dodging
   523 | D:1      | Reached XP level 3. HP: 22/33 MP: 2/2
   847 | D:1      | You are sucked into a shaft and drop 1 floor!
  1518 | D:2      | Reached XP level 4. HP: 35/40 MP: 3/3
  2438 | D:2      | Reached skill level 4 in Long Blades
  2624 | D:3      | Noticed Jessica
  2633 | D:3      | Killed Jessica
  2634 | D:3      | Reached XP level 5. HP: 42/46 MP: 4/4
  2803 | D:3      | Identified the +1 mace of Wisdom {freeze, rElec rF+}
  3412 | D:4      | Found an iron altar of Okawaru.
  3425 | D:4      | Became a worshipper of Warmaster Okawaru
  3552 | D:4      | Reached XP level 6. HP: 53/53 MP: 5/5
  3564 | D:4      | Reached skill level 5 in Long Blades
  4029 | D:4      | Noticed Blork the orc
  4037 | D:4      | Killed Blork the orc
  4139 | D:5      | Entered Level 5 of the Dungeon
  4151 | D:5      | Reached skill level 5 in Armour
  4302 | D:5      | Reached skill level 5 in Fighting
  4302 | D:5      | Reached skill level 5 in Shields
  4302 | D:5      | Reached XP level 7. HP: 25/61 MP: 6/6
  4561 | D:5      | Reached * piety under Okawaru
  4980 | D:5      | Found an opulent altar of Gozag.
  5167 | D:6      | Found a staircase to the Ecumenical Temple.
  5182 | Temple   | Entered the Ecumenical Temple
  5461 | D:6      | Reached skill level 5 in Dodging
  5461 | D:6      | Reached XP level 8. HP: 58/70 MP: 7/7
  5587 | D:6      | Reached skill level 6 in Long Blades
  5673 | D:6      | Found a broken altar of Ashenzari.
  6091 | D:6      | Reached ** piety under Okawaru
  6992 | D:6      | Reached *** piety under Okawaru
  6993 | D:6      | Reached skill level 7 in Long Blades
  6993 | D:6      | Reached XP level 9. HP: 38/78 MP: 8/8
  7606 | D:6      | Found a runed translucent door.
  7607 | D:6      | Noticed Crazy Yiuf
  7613 | D:6      | Killed Crazy Yiuf
  8058 | D:7      | Found a glowing golden altar of the Shining One.
  8060 | D:7      | Noticed an angel
  8071 | D:7      | Found a basalt altar of Yredelemnul.
  8074 | D:7      | Noticed a profane servitor
  8495 | D:7      | Found a sacrificial altar of Ru.
  8511 | D:7      | Found a shimmering altar of Xom.
  8511 | D:7      | Found a radiant altar of Vehumet.
  9895 | D:8      | Found a staircase to the Lair.
 10039 | D:8      | Noticed Joseph
 10063 | D:8      | Killed Joseph
 10063 | D:8      | Reached **** piety under Okawaru
 10064 | D:8      | Reached skill level 8 in Long Blades
 10877 | D:9      | Reached XP level 10. HP: 70/88 MP: 9/9
 11443 | D:9      | Reached ***** piety under Okawaru
 11475 | D:9      | Reached skill level 9 in Long Blades
 11576 | D:9      | Found a blossoming altar of Fedhas.
 11607 | D:9      | Identified the +6 great sword of Hell's Wrath {antimagic,
                  | Drain rC+ Stlth+} (Okawaru gifted it to you on level 9 of
                  | the Dungeon)
 11607 | D:9      | Received a gift from Okawaru
 12233 | D:9      | Found a staircase to the Orcish Mines.
 13270 | D:10     | Entered Level 10 of the Dungeon
 13270 | D:10     | Noticed Erolcha
 13322 | D:10     | Noticed Maggie
 13531 | D:10     | Noticed Sonja
 13542 | D:9      | Reached XP level 11. HP: 53/97 MP: 7/10
 14595 | D:10     | Found a white marble altar of Elyvilon.
 14907 | D:9      | Killed Erolcha
 14908 | D:9      | Reached skill level 10 in Long Blades
 15536 | D:10     | Noticed a six-headed hydra
 15993 | D:10     | Mangled by an 11-headed hydra

Illustrated notes

Levels and vault maps discovered:
D:1:      dpeg_arrival_round_b, layout_basic, serial_bayou_ford_a
D:2:      layout_basic, nicolae_concentric_dashed_squares_wild
D:3:      kb_forest_paths, layout_loops_corners,
          shapermc_ecumenical_altar_petra, hangedman_abyss_or_decor_stabs,
          uniq_jessica
D:4:      layout_loops_ring, okawaru_trees_1,
          amcnicky_mini_rare_corridor_liquid, uniq_blork_the_orc
D:5:      layout_basic, general_overflow_altar
D:6:      layout_loops_cross, cheibrodos_ashenzari_chains,
          minmay_temple_entry_offerings, minmay_microvault,
          uniq_crazy_yiuf_cottage
D:7:      layout_basic, grunt_temple_overflow_holy_war,
          gammafunk_temple_overflow_pools, lemuel_doored_altar
D:8:      layout_loops_ring, lair_entry_dummy, uniq_joseph
D:9:      layout_basic, fedhas_altar_1, serial_undead, serial_undead_e,
          serial_undead_d, serial_undead_e, serial_undead_a, serial_undead_d,
          serial_undead_f, enter_bailey_8, hangedman_decor_diamond_cutter
D:10:     layout_cross, nicolae_elyvilon_peaceful_grove, kennysheep_mini,
          minmay_chambers_of_fives, uniq_josephine, uniq_erolcha, uniq_sonja,
          uniq_maggie
Temple:   minmay_freezing_vapour_temple

Skill      XL: |  1  2  3  4  5  6  7  8  9 10 11 |
---------------+----------------------------------+-----
Long Blades    | 3 4 5 7 8 9 10 | 10.0
Dodging        | 1 2 3 5 6 8 9 |  9.5
Fighting       | 4 5 6 8 9 |  9.8
Armour         | 4 5 6 8 9 |  9.9
Shields        | 4 5 6 8 9 |  9.8

Action                   |  1- 3 |  4- 6 |  7- 9 | 10-12 || total
-------------------------+-------+-------+-------+-------++-------
Melee: Long sword        |    90 |    72 |       |   224 ||   386
       Headbutt          |     8 |    29 |    86 |    60 ||   183
       Scimitar          |       |    57 |   365 |    29 ||   451
Invok: Heroism           |       |       |     2 |     8 ||    10
  Use: Scroll            |       |       |     1 |       ||     1
       Potion            |       |       |       |     2 ||     2
Armor: Scale mail        |    57 |    44 |    95 |       ||   196
       Chain mail        |       |       |    24 |   166 ||   190
Dodge: Dodged            |    43 |    49 |   226 |   225 ||   543
Block: Buckler           |    30 |    18 |   105 |   134 ||   287
